← All builds
Pond / Cortex / Economy first / OBSERVED BUILD

Fatboy buy

Cortex Pond build order · Supreme Isthmus

Pond pays Tech heavily from before 5 minutes to buy a Fatboy which Tech builds and hands over around 5:15, bringing it to the middle as an early push while still running its own eco.

#push #team support · 68 distinct matches · 20 players · 20% of Cortex Pond games · team won 46% of 68 · Recently observed

THE CATCH, AND WHAT COMES WITH IT
  • FatboyFatboy from Tech arrives 5:15 · 19% of role by thenTech makes it and hands it over.
  • HephaestusHeavy transport from an ally in 79%16% of all Pond games by then

Paid for by sending allies about 1,200 metal and 12,000 energy by 5:00; standard pond sends 450 metal and 13,000 energy.

Where those units first fight, in 64 games with kill data: in the middle 88%, on their own side 13%.

Those units destroy a typical 2,392 metal of enemy units by 15:00.

Then transitions into grunt (31% of army), tick (10% of army), incisor (9% of army).

HOW TO PLAY IT

Key timing: Fatboy by 5:15

  1. Open tidals plus mex and wind for your own standard Pond eco.
  2. Receive a heavy transport from an ally to help move it.
  3. Send Tech heavy metal and energy to fund the Fatboy buy.
  4. Take delivery of the Fatboy from Tech and send it to middle as a push.
  5. Get your lab going and keep boosting front through the T2 transition.

Phase by phase

TYPICAL OF ITS 68 GAMES · AGAINST STANDARD POND
  1. 1
  2. 2
PLAY THE OPENING

Follow the example game's first 6:15 step by step: what to build now, what comes next, and where it goes. At 1× it keeps pace with your own game.

  1. 1

    Up to the Bot Lab

    Economy
    • Metal Extractor4Mex
    • Wind Turbine9Wind
    • Tidal Generator8Tidalfor allies
    • Tidal Generator1Tidal
    • Energy Converter2Converter+2 vs standard
    • Energy Storage1Energy storage
    Order
    1. Bot LabBot Lab after 4 mex, 11 wind, 4 converterdone ~6:02, middle half 3:46–6:54

    By 5:38 in all: 4 mex · 9 wind · 1 tidal · 2 converter (standard 0) · 1 energy storage

    The example game in this phase · 11 steps
    1. Tidal ×10for Suicide front
    2. Tidal ×2
    3. Mex ×2
    4. Wind
    5. Mex ×2
    6. Wind ×6
    7. Energy storage
    8. Converter
    9. Con turret
    10. Converter ×3
    11. Wind ×6
  2. 2

    Bot Lab to 10:00

    Economy
    • Wind Turbine1Wind−6 vs standard

    Some games also: con turret (47%) · con bot (43%) · grunt (43%) · converter (37%)

    The standard build makes here, this one skips: 2 converter

    By 10:00 in all: 4 mex · 16 wind · 1 tidal · 4 converter · 1 energy storage · 1 con turret

    The example game in this phase · 93 steps
    1. Wind
    2. Bot LabBot Labdone 6:56
    3. TickTick
    4. Con turret
    5. TickTick ×22
    6. Wind
    7. TickTick ×2
    8. Wind
    9. TickTick ×3
    10. Wind
    11. TickTick ×2
    12. Wind
    13. TickTick
    14. PawnPawn ×5
    15. Wind
    16. PawnPawn ×5
    17. Wind
    18. Advanced Metal ExtractorT2 mexdone 12:06 · typical 10:04
    19. PawnPawn ×2
    20. TickTick ×7
    21. PawnPawn ×2
    22. TickTick
    23. Wind
    24. PawnPawn
    25. TickTick ×2
    26. PawnPawn
    27. TickTick ×2
    28. PawnPawn
    29. TickTick ×2
    30. PawnPawn
    31. TickTick ×2
    32. PawnPawn
    33. TickTick ×2
    34. Energy storage
    35. PawnPawn
    36. Converter
    37. TickTick ×2
    38. PawnPawn
    39. Converter
    40. TickTick
    41. Converter
    42. TickTick
    43. Converter
    44. PawnPawn
    45. Wind
    46. TickTick
    47. Wind ×2
    48. TickTick
    49. Wind
    50. PawnPawn
    51. Wind
    52. Advanced Metal ExtractorT2 mex
    53. TickTick ×2
    54. PawnPawn
    55. Con turret
    56. TickTick ×2
    57. PawnPawn
    58. TickTick ×2
    59. PawnPawn
    60. TickTick ×2
    61. PawnPawn
    62. TickTick ×2
    63. PawnPawn
    64. TickTick ×2
    65. PawnPawn
    66. TickTick ×2
    67. PawnPawn
    68. TickTick ×2
    69. PawnPawn
    70. TickTick ×2
    71. PawnPawn
    72. Advanced Metal ExtractorT2 mex
    73. TickTick ×2
    74. PawnPawn
    75. TickTick ×2
    76. PawnPawn
    77. TickTick ×2
    78. PawnPawn
    79. TickTick ×2
    80. PawnPawn
    81. TickTick ×2
    82. PawnPawn
    83. TickTick ×2
    84. PawnPawn
    85. TickTick ×2
    86. PawnPawn
    87. Advanced Metal ExtractorT2 mex
    88. TickTick ×2
    89. PawnPawn
    90. TickTick ×2
    91. PawnPawn
    92. Con turret
    93. TickTick ×2

Counts are medians over the build's games: half of them build more, half fewer. The example game is [Grump]Matsuri's (38 OS, 05/10/2026); pick another.

Team trades

IN AT LEAST 30% OF ITS GAMES

You hand over

  • Tidal Generator8 Tidal to Suicide front or Frontfirst at 0:09 · in 100% of games

You get

  • Hephaestus1 Heavy transport from Air or Techfirst at 4:40 · in 79% of games
  • Fatboy1 Fatboy from Techfirst at 5:14 · in 100% of games
  • Advanced Construction Bot1 T2 con bot from Techfirst at 8:16 · in 93% of games

How it plays out

Typical game of this build against the role’s standard build, running totals by minute

  • This build
  • Standard pond

Metal produced

010k20k
0:005:0010:0015:00

metal

Enemy metal destroyed

02k4k6k
0:005:0010:0015:00

metal

Own metal lost

02k4k
0:005:0010:0015:00

metal

Metal sent to allies

01k2k
0:005:0010:0015:00

metal

Energy sent to allies

020k40k60k
0:005:0010:0015:00

metal

68 games.

Show as table
ByMetal produced: This buildMetal produced: Standard pondEnemy metal destroyed: This buildEnemy metal destroyed: Standard pondOwn metal lost: This buildOwn metal lost: Standard pondMetal sent to allies: This buildMetal sent to allies: Standard pondEnergy sent to allies: This buildEnergy sent to allies: Standard pond
1:0011511500000010371052
2:0027528500000023402848
3:0083382200000040174945
4:001522149400004554363618188
5:0022712257000011794481241613143
6:0030803137000014347301772117257
7:0039574016115007015539761980320608
8:00467548501071249161161168510272155228447
9:00550763231768555618511170410272371429716
10:0064528183256712401140859171010272371430120
11:00771697922974154616691231172810272561831305
12:009083120743424169722581405174910272753134728
13:0010539140323947188627781586175210272852442543
14:0012629163914381246332282530175610272976045040
15:0014880186524862301038583482180710273015349057
WHAT THE NUMBERS SAY

Won slightly less than the standard build despite the Fatboy destroying a similar amount of metal by 15:00.

  • + Enemy metal destroyed at 10:00 is roughly double the standard build (2567 vs 1240).
  • + Early heavy transport arrives by 4:40 in 79% of games, far above the 16% role norm.
  • − Own metal production falls well behind standard by 10:00 (6452 vs 8183).
  • − Own losses by 15:00 run higher than standard (3858 vs 3482).
THE EXAMPLE YOU ARE READING

[Grump]Matsuri

37.5 OS · 05/10/2026

Open source match ↗

11 received units · includes a constructor
166 metal received · 63097 energy received

Allied construction assistance is unknown. Timings are observations, not a promise of solo reproducibility.

Typical milestones

Bot Lab6:02Middle 50%: 3:46–6:54 · n=41
Advanced Metal Extractor10:04Middle 50%: 9:22–10:47 · n=64

Played most by

[Grump]Matsuri17games of this buildzeus_on_god10games of this buildMischievousDragonGF8games of this buildNazarid8games of this buildJustSomeGuy4games of this build

Supporting games

Pick a game to read and play it above.

JustSomeGuy06/10/2026 · 41 OS↗JustSomeGuy06/10/2026 · 41 OS↗[Grump]Matsuri05/10/2026 · 38 OS↗s0uthy05/10/2026 · 39 OS↗zeus_on_god04/10/2026 · 38 OS↗zeus_on_god04/10/2026 · 38 OS↗zeus_on_god02/10/2026 · 38 OS↗s0uthy02/10/2026 · 38 OS↗
32 more of 60, the most recentzeus_on_god02/10/2026 · 38 OS↗[Grump]Matsuri02/10/2026 · 40 OS↗zeus_on_god27/09/2026 · 37 OS↗DoctorPinguins26/09/2026 · 37 OS↗zeus_on_god26/09/2026 · 37 OS↗[Grump]Matsuri26/09/2026 · 39 OS↗[Grump]Matsuri25/09/2026 · 39 OS↗[Grump]Matsuri25/09/2026 · 39 OS↗[Grump]Matsuri25/09/2026 · 39 OS↗[Grump]Matsuri25/09/2026 · 39 OS↗[Grump]Matsuri25/09/2026 · 39 OS↗MischievousDragonGF25/09/2026 · 43 OS↗PongoPygmaeus24/09/2026 · 36 OS↗PongoPygmaeus23/09/2026 · 36 OS↗zeus_on_god23/09/2026 · 37 OS↗[Grump]Matsuri22/09/2026 · 40 OS↗zeus_on_god21/09/2026 · 38 OS↗[Grump]Matsuri21/09/2026 · 39 OS↗[Grump]Matsuri21/09/2026 · 39 OS↗zeus_on_god20/09/2026 · 37 OS↗[Grump]Matsuri19/09/2026 · 41 OS↗armjanus17/09/2026 · 42 OS↗MischievousDragonGF16/09/2026 · 41 OS↗[Cookie]Maco15/09/2026 · 52 OS↗MischievousDragonGF15/09/2026 · 42 OS↗MischievousDragonGF15/09/2026 · 42 OS↗MischievousDragonGF15/09/2026 · 42 OS↗MischievousDragonGF15/09/2026 · 42 OS↗Viltrum13/09/2026 · 41 OS↗MischievousDragonGF13/09/2026 · 41 OS↗zeus_on_god13/09/2026 · 39 OS↗MischievousDragonGF10/09/2026 · 39 OS↗
Supreme Isthmus v2.1
Beyond All Reason test-31479-433a460
Naval balance tweaks on